 Dungeon Sprint DCSS version 0.31-a0-4-gefa6de2278 (webtiles) character file.

Game seed: 12884584001863896658

2100000 sircluck the Executioner (level 15, -41/145 HPs)
             Began as a Ghoul Gladiator on May 4, 2023.
             Was a Believer of Makhleb.
             Annihilated by a meat berserker
             ... wielding a +9 battleaxe
              (53 damage)
             ... in the Dungeon (Sprint VIII: "Arena of Blood").
             The game lasted 00:00:43 (21 turns).

sircluck the Executioner (Ghoul Gladiator)            Turns: 21, Time: 00:00:44

Health: -41/145    AC:  4    Str: 20    XL:     15   Next: 2%
Magic:  14/14      EV: 25    Int:  3    God:    Makhleb [**....]
Gold:   0          SH:  0    Dex: 16    Spells: 14/14 levels left

rFire   . . .        (no weapon)
rCold   + . .        (no shield)
rNeg    + + +        b - +0 leather armour
rPois   ∞            c - +0 helmet
rElec   .            (no cloak)
rCorr   .            (no gloves)
SInv    .            (no boots)
Will    +....        (no amulet)
Stlth   +            (no ring)
HPRegen 0.00/turn    (no ring)
MPRegen 0.14/turn

%: no teleportation
@: inhibited regen
A: claws 1, cold resistance 1, negative energy resistance 3, inhibited
regeneration, torment resistance 2, devour on kill
a: Renounce Religion, Minor Destruction


You were in the Dungeon.
You worshipped Makhleb.
Makhleb was pleased with you.
You visited 1 branch

Inventory:

Hand Weapons
 a - a +0 war axe
Missiles
 d - 3 throwing nets (quivered)
 e - a javelin
Armour
 b - a +0 leather armour (worn)
 c - a +0 helmet (worn)
Scrolls
 j - a scroll of blinking
Potions
 f - a potion of curing
 g - a potion of heal wounds
 h - a potion of haste
 i - 2 potions of magic


   Skills:
 + Level 16.7 Fighting
 + Level 24.8 Axes
 + Level 12.3 Throwing
 + Level 23.1 Dodging


You had 14 spell levels left.
You didn't know any spells.
Your spell library was empty.

Dungeon Overview and Level Annotations

Branches:
Dungeon (1/1)

Altars:
Makhleb


Innate Abilities, Weirdness & Mutations

You are immune to poison.
You have sharp fingernails.
Your flesh is cold resistant. (rC+)
You are immune to negative energy. (rN+++)
You do not regenerate when monsters are visible.
You are immune to unholy pain and torment.
You thrive by killing the living.


Message History

A meat berserker comes into view. It is wielding a +9 battleaxe.
The meat berserker shouts!
You hear a shout! x6
A destroyer comes into view. It is wielding a +9 heavy great sword.
You hear a shout! x2
A bag of meat comes into view. It is wielding a +9 war axe.
You hear a shout! x3
Unknown command.
Unknown command.
Unknown command.
Unknown command.
Unknown command.
Unknown command.
The meat berserker appears out of thin air!
A meat berserker comes into view. It is wielding a +9 battleaxe.
You hear a shout! x8
Items here: )) == ††.
You hear a shout! x15
You hear a shout! x3
A meat berserker comes into view. It is wielding a +9 battleaxe.
You hear a shout! x4
There is a burning altar of Makhleb here.
Really attack while wielding nothing?
Okay, then.
Really attack while wielding nothing?
You scratch the meat berserker.
The meat berserker is lightly wounded.
The large bag of meat appears out of thin air!
A large bag of meat comes into view. It is wielding a +9 giant spiked club.
The large bag of meat shouts in stereo!
You hear a shout! x7
The meat berserker hits you with a +9 battleaxe!!!
You hear a shout! x2
You hear a shout! x2
The meat berserker hits you with a +9 battleaxe!!!!
Ouch! That really hurt!
* * * LOW HITPOINT WARNING * * *
You hear a shout! x5; You hear two shouts!
You scratch the large bag of meat but do no damage.
You hear a shout! x7
The meat berserker hits you with a +9 battleaxe!!!
You die...

..........
...........
......... .
#.......# #..
#.......#
....###.... ..###.
.......).###......
#....o)OO_.......
......o#O@...#....
.......#_O<._# .
....O..#...O.#
.#........_......
..oo.....###......
.V..###... ..###.
...o #... ..# #...
..# ..... ..


You could see a large bag of meat (inner flame), 4 meat berserkers and a bag of
meat.

Vanquished Creatures
  3 ogres (D)
  3 orcs (D)
6 creatures vanquished.

Notes
Turn   | Place    | Note
-------+----------+-------------------------------------------
     0 | D        | Found the +∞ Axe of Woe
     0 | D        | sircluck the Ghoul Gladiator began the quest for the Orb.
     0 | D        | Reached XP level 1. HP: 17/17 MP: 0/0
     4 | D        | Became a worshipper of Makhleb the Destroyer
     5 | D        | Noticed a bag of meat
     7 | D        | Noticed a meat berserker
     8 | D        | Noticed a bag of meat
     9 | D        | Noticed a bag of meat
     9 | D        | Noticed a meat berserker
    10 | D        | Noticed a meat berserker
    11 | D        | Killed a meat berserker
    11 | D        | Killed a meat berserker
    11 | D        | Reached * piety under Makhleb
    12 | D        | Reached skill level 20 in Axes
    12 | D        | Reached skill level 10 in Throwing
    12 | D        | Reached XP level 2. HP: 45/45 MP: 1/1
    12 | D        | Reached XP level 3. HP: 51/51 MP: 2/2
    12 | D        | Reached XP level 4. HP: 59/59 MP: 3/3
    12 | D        | Reached XP level 5. HP: 66/66 MP: 4/4
    12 | D        | Reached XP level 6. HP: 73/73 MP: 5/5
    12 | D        | Reached XP level 7. HP: 80/80 MP: 6/6
    12 | D        | Reached XP level 8. HP: 88/88 MP: 7/7
    12 | D        | Reached XP level 9. HP: 94/94 MP: 8/8
    12 | D        | Reached XP level 10. HP: 102/102 MP: 9/9
    12 | D        | Reached XP level 11. HP: 108/108 MP: 10/10
    12 | D        | Reached XP level 12. HP: 116/116 MP: 11/11
    12 | D        | Reached XP level 13. HP: 123/123 MP: 12/12
    12 | D        | Killed a bag of meat
    12 | D        | Noticed a bag of meat
    12 | D        | Noticed a bag of meat
    13 | D        | Reached skill level 21 in Axes
    13 | D        | Killed a bag of meat
    13 | D        | Noticed a meat berserker
    13 | D        | Noticed a bag of meat
    14 | D        | Reached skill level 15 in Fighting
    14 | D        | Reached skill level 22 in Axes
    14 | D        | Reached XP level 14. HP: 135/135 MP: 13/13
    14 | D        | Killed a meat berserker
    14 | D        | Reached ** piety under Makhleb
    14 | D        | Killed a bag of meat
    15 | D        | Reached skill level 24 in Axes
    15 | D        | Reached XP level 15. HP: 145/145 MP: 14/14
    15 | D        | Noticed a meat berserker
    15 | D        | Noticed a destroyer
    17 | D        | Noticed a meat berserker
    18 | D        | Noticed a meat berserker
    19 | D        | Noticed a large bag of meat
    21 | D        | Annihilated by a meat berserker

Illustrated notes

Levels and vault maps discovered:
D:        meatsprint

Skill      XL: |  1  2  3  4  5  6  7  8  9 10 11 12 13 14 |
---------------+-------------------------------------------+-----
Fighting       | 13 15 16 | 16.7
Axes           | 20 22 24 | 24.8
Throwing       | 10 11 12 | 12.3
Dodging        | 19 21 23 | 23.1

Action                     |  1- 3 |  4- 6 |  7- 9 | 10-12 | 13-15 || total
---------------------------+-------+-------+-------+-------+-------++-------
  Melee: Executioner's axe |     1 |       |       |       |     3 ||     4
         Unarmed           |       |       |       |       |     2 ||     2
  Dodge: Dodged            |     1 |       |       |       |       ||     1

Table legend: (Time is in decaauts)
 A = Elapsed time spent in this place.
 B = Non-inter-level travel time spent in this place.
 C = Inter-level travel time spent in this place.
 D = Time resting spent in this place.
 E = Time spent auto-exploring this place.
 F = Levels seen in this place.
 G = Mean time per level.
                   A        B        C        D        E       F      G
               +--------+--------+--------+--------+--------+-----+--------+
         Total |     20 |     20 |      0 |      0 |      0 |   1 |   20.0 |
       Dungeon |     20 |     20 |      0 |      0 |      0 |   1 |   20.0 |
               +--------+--------+--------+--------+--------+-----+--------+

Top non-repeatable levels by time:
       D: 20 daAuts
